Map: Proxima Station LE

Players

Words

  • Race: Terran Terran
  • Spawn Location: 7:00

MaSa - Winner!

  • Race: Terran Terran
  • Spawn Location: 1:00

Event: WCS Austin 2017

VOD

Have the link to the VOD?

Description

Time

  • Played on: April 28, 2017, 1:23 p.m.
  • Length: 8:23

All games in this series

Show
View Real Time Build Order
Export as new Build Order

Words Terran 

Build Orders: Banshee Rush 

Get SALT Encoding   

  12  0:01  SCV  
  13  0:13  SCV  
  14  0:19  Supply Depot  
  14  0:25  SCV  
  15  0:28  Refinery  
  15  0:41  SCV  
  16  0:46  Barracks  
  16  0:53  SCV  
  17  1:05  SCV  
  18  1:17  SCV  
  19  1:32  Orbital Command  
  19  1:33  Reaper  
  20  1:51  Factory  
  20  1:59  Supply Depot  
  20  2:01  SCV  
  21  2:12  Reaper  
  21  2:13  SCV  
  21  2:14  Refinery  
  22  2:27  Command Center  
  22  2:35  Hellion  
  24  2:51  Starport  
  24  2:52  SCV  
  24  2:53  Barracks Reactor  
  25  3:05  SCV  
  26  3:09  Factory Tech Lab  
  26  3:17  SCV  
  27  3:29  SCV  
  27  3:30  Supply Depot  
  28  3:39  Marine x2  
  28  3:40  Cloaking Field, Banshee  
  28  3:41  SCV  
  34  3:42  Factory Tech Lab  
  34  3:45  Orbital Command  
  34  3:53  SCV  
  35  4:00  Marine x2  
  35  4:01  Engineering Bay  
  37  4:05  SCV  
  38  4:12  Widow Mine  
  38  4:13  SCV  
  41  4:17  SCV  
  41  4:23  Marine x2  
  44  4:29  SCV  
  45  4:31  Raven  
  44  4:41  Marine x2  
  44  4:43  SCV x2  
  43  4:46  Siege Tank  
  42  4:55  SCV  
  42  4:59  Marine, SCV  
  42  5:07  SCV  
  42  5:11  SCV  
  42  5:13  Marine  
  42  5:16  Marine  
  43  5:22  SCV  
  43  5:23  SCV  
  41  5:34  SCV  
  38  5:35  SCV  
  37  5:48  Marine x2  
  37  5:49  SCV  
  38  5:50  SCV  
  35  6:02  Siege Tank  
  36  6:14  SCV x2  
  36  6:16  Marine x2  
  40  6:28  SCV x2  
  40  6:29  Barracks  
  41  6:34  Marine x2  
  43  6:46  SCV x2  
  44  6:51  Marine x2  
  45  6:55  Refinery  
  45  6:58  SCV x2  
  47  7:09  Viking, Marine  
  47  7:10  SCV  
  47  7:11  SCV  
  52  7:21  Barracks Tech Lab  
  52  7:22  Marine  
  51  7:23  SCV x2  
  51  7:29  Marine  
  52  7:33  Supply Depot  
  40  7:51  Viking  
  40  7:52  Marine x3  
  40  7:53  SCV x2  
  47  8:05  Supply Depot  
  50  8:07  Supply Depot  
Show
View Real Time Build Order
Export as new Build Order

MaSa Terran - Winner!

Build Orders: Liberator Opening, Reaper Expand, MMM Bio 

Get SALT Encoding   

  12  0:07  SCV  
  13  0:19  SCV  
  13  0:20  Supply Depot  
  14  0:30  Refinery  
  14  0:31  SCV  
  15  0:43  SCV  
  15  0:49  Barracks  
  16  0:56  SCV  
  17  1:08  SCV  
  18  1:20  SCV  
  19  1:35  Reaper  
  19  1:36  Orbital Command  
  20  1:55  Command Center  
  20  2:03  Factory  
  20  2:06  SCV  
  21  2:10  Barracks Reactor  
  21  2:15  Refinery  
  21  2:20  SCV  
  22  2:26  Supply Depot  
  22  2:32  SCV  
  23  2:47  SCV  
  23  2:48  Starport  
  23  2:50  Widow Mine, Marine  
  27  2:53  Marine  
  28  2:59  SCV  
  29  3:06  Orbital Command  
  29  3:09  Marine  
  29  3:11  Marine  
  31  3:14  SCV  
  32  3:21  Factory Tech Lab  
  32  3:25  Medivac  
  32  3:26  SCV  
  35  3:28  Marine  
  35  3:30  Marine  
  35  3:33  SCV  
  38  3:41  Cyclone  
  41  3:42  SCV  
  42  3:49  Supply Depot, SCV  
  42  3:50  Marine  
  42  3:51  Marine  
  42  3:53  Liberator  
  45  4:01  SCV  
  46  4:10  Marine  
  46  4:11  SCV  
  46  4:12  Supply Depot  
  46  4:13  SCV  
  52  4:22  Marine  
  52  4:23  SCV  
  53  4:25  Supply Depot, SCV  
  54  4:33  Siege Tank  
  54  4:35  SCV  
  54  4:37  SCV  
  59  4:47  SCV  
  59  4:49  SCV  
  59  4:53  Marine x2  
  59  4:55  Barracks  
  59  4:58  Barracks  
  59  4:59  SCV  
  65  5:01  SCV  
  66  5:11  SCV  
  66  5:12  Marine x2  
  66  5:13  SCV  
  67  5:14  Viking  
  69  5:22  Cyclone  
  69  5:24  Engineering Bay  
  69  5:30  SCV  
  70  5:40  SCV  
  69  5:43  SCV  
  69  5:44  Barracks Tech Lab  
  69  5:45  Barracks Tech Lab  
  69  5:51  Supply Depot  
  69  5:52  Viking  
  69  5:56  Refinery  
  69  5:57  Refinery  
  69  6:02  Missile Turret  
  69  6:03  SCV  
  69  6:04  Supply Depot  
  69  6:05  SCV  
  70  6:12  Marine  
  70  6:13  Stimpack  
  70  6:15  Combat Shields  
  70  6:16  Marine x2  
  73  6:20  SCV  
  73  6:22  SCV  
  73  6:24  Starport Reactor, Marine  
  76  6:30  Marine  
  76  6:32  SCV  
  78  6:33  Supply Depot  
  78  6:34  Marine x2  
  78  6:39  SCV  
  81  6:42  Marine  
  81  6:45  SCV  
  81  6:47  Supply Depot x2  
  83  6:48  Marine  
  83  6:52  Marine x2  
  86  6:54  Siege Tank  
  86  6:56  Supply Depot  
  86  6:59  Supply Depot  
  86  7:00  Marine  
  90  7:02  Supply Depot  
  90  7:05  Medivac  
  90  7:06  Marine  
  90  7:08  Medivac  
  95  7:09  SCV  
  95  7:10  Marine  
  95  7:14  Marine  
  98  7:16  SCV  
  98  7:19  Marine  
  98  7:21  SCV  
  101  7:25  Marine  
  101  7:26  Siege Tank  
  101  7:27  Marine  
  106  7:35  Medivac  
  108  7:37  Marine  
  108  7:38  Marine  
  108  7:39  SCV  
  108  7:40  Medivac  
  113  7:47  SCV  
  113  7:51  Marine x2, SCV  
  115  7:55  Marine x2  
  117  8:02  SCV  
  118  8:06  Barracks  
  118  8:08  Barracks  
Tags
 
Add a new tag
Caveats
  • Supply blocks, unpowered buildings, or Contaminate may cause inaccurate times.
  • Supply counts are checked every 10 seconds.